And, neutral female human Tourist ---------- #-........| ------ ------------- ###|........| |.....# |...........| -------- # |........| |....|# |............#######q@#|..[....# # |...(....| |).[)|# -......^....| #-e<....|# # |........| |.)..|# -----.------- |...(..|# # ---.------ |....|# ## -----.--# # # -|-.--# # ## # # # # # # # # # # # ### # # # ### # # ## ####------.- # # ### #### ##|...[..| ### # # --.---.-- ##.......| #-|---------# -|---- |)......|% ##|>.....| #|.........|# |....| |........ |......| #|..........# |....| |\...%..-# -------- #|.........| |....| --------- |.........| |....| ----------- ------ And the Sightseer Experience level: 4 Strength: 12 Dexterity: 12 Constitution: 16 Intelligence: 11 Wisdom: 8 Charisma: 18 Health: 0(35) Energy: 11(11) AC: 5 Gold: 2526 Moves: 5502 Your Inventory: Coins $ - 2526 gold pieces Weapons a - 27 uncursed +2 darts (in quiver) c - an [uncursed +0] dagger o - 2 uncursed +1 crude daggers [orcish] (wielded) C - a blessed [+2] crude dagger [orcish] O - 4 uncursed [+0] crude daggers [orcish] T - a [cursed -1] dagger [of reflection and fumbling] Y - an [uncursed +0] runed dagger [elven] Armor e - an [uncursed] +2 hooded cloak [dwarvish] (being worn) j - an uncursed +0 Hawaiian shirt (being worn) E - a [blessed +0] pair of hard shoes [iron] N - a [blessed] +2 iron skull cap [orcish helm] (being worn) U - an [uncursed +0] pair of hard shoes [iron] Comestibles b - 2 uncursed food rations d - an uncursed tripe ration s - 2 uncursed [stale] eggs A - 2 uncursed cloves of garlic Scrolls h - a blessed scroll of magic mapping i - 3 uncursed scrolls of magic mapping p - an uncursed scroll labeled ETAOIN SHRDLU [of enchant weapon] q - 2 uncursed scrolls labeled EIRIS SAZUN IDISI [of identify] t - an uncursed scroll labeled MAPIRO MAHAMA DIROMAT [of teleportation] u - an uncursed scroll labeled SODALG [of punishment] Spellbooks F - an uncursed plain spellbook [of blank paper] W - an [uncursed] parchment spellbook [of detect unseen] Potions g - 2 uncursed potions of extra healing v - a cursed pink potion [of gain energy] x - an uncursed yellow potion [of invisibility] z - an uncursed indigo potion [of object detection] B - an uncursed dark green potion [of gain ability] Rings r - an [uncursed] emerald ring [of sustain ability] w - an uncursed plain ring [of regeneration] X - an [uncursed +1] twisted ring [of protection] Wands G - an uncursed tin wand [of magic missile (0:8)] I - an uncursed iron wand [of striking (0:6)] Tools k - an uncursed expensive camera (0:81) l - an uncursed credit card n - an uncursed looking glass [mirror] H - an [uncursed +0] pick-axe Spells known in the end: Name Level Category Fail Memory Your skills at the end: Fighting Skills Weapon Skills dart [Basic / Expert] Spellcasting Skills Final Attributes: You were aligned. Hunger level was 692. Your alignment was 3 / 37. Monster difficulty range was 1 - 5. Level difficulty was 6. Your luck was zero. You are dead. Vanquished creatures: a dog 5 bugbears a kobold mummy 2 gray oozes 7 elf zombies 3 giant ants a kitten 3 dwarves 2 kobold lords a kobold shaman 19 hill orcs 12 rothes a rabid rat 2 giant bats 4 orc zombies a werejackal 4 iguanas a coyote a gas spore 2 hobbits 3 hobgoblins 4 giant rats a cave spider a red mold 4 gnomes 3 garter snakes a gnome zombie 2 geckos 5 jackals a kobold 5 goblins 3 sewer rats 7 grid bugs a bat 6 lichens 2 kobold zombies 7 newts 129 creatures vanquished. Voluntary challenges: You used a wielded weapon 54 times. You read items or engraved 296 times. You put on armor 17 times. You never genocided any monsters. You never polymorphed an object. You never changed form. You used no wishes. You wrote Elbereth's name 202 times. You never encountered a bones level. You never used any Sokoban shortcuts. Dungeon overview: The Dungeons of Doom: levels 1 to 7 Level 1 a fountain a long staircase Level 2 a fountain Level 3 stairs to The Gnomish Mines Level 4 a fountain Level 5 an altar to The Lady, a fountain, a sink Level 6 <- You were here a throne The Gnomish Mines: Level 4 stairs to The Dungeons of Doom History has recorded: On T:1 you entered the Dungeons of Doom to retrieve the Amulet of Yendor! On T:441 you reached level 2 of The Dungeons of Doom. On T:699 you reached level 3 of The Dungeons of Doom. On T:1528 you reached level 1 of The Gnomish Mines. On T:1574 you advanced to experience level 2. On T:1796 you reached level 4 of The Dungeons of Doom. On T:2178 you reached level 5 of The Dungeons of Doom. On T:3611 you advanced to experience level 3. On T:3719 you reached level 6 of The Dungeons of Doom. On T:4223 you reached level 7 of The Dungeons of Doom. On T:5376 you advanced to experience level 4. Latest messages: You hear some noises in the distance. You hear some noises. You add "Elbereth" with your fingers to the writing in the dust. You hear some noises in the distance. [2 turns] You add "Elbereth" with your fingers to the writing in the dust. You hear some noises. You add "Elbereth" with your fingers to the writing in the dust. The rothe turns to flee! [2 turns] [HP+1=22] You hit the rothe. [2 turns] You miss the rothe. You hit the rothe. The rothe just misses! The rothe bites! (2x) [HP-10=12] You add "Elbereth" with your fingers to the writing in the dust. The rothe hits! The rothe misses. The rothe bites! The rothe just misses! The rothe bites! You die... Final status: Aloha And the Tourist... You died in The Dungeons of Doom on dungeon level 6 with 2211 points, and 2526 pieces of gold, after 5502 moves. You were level 4 with a maximum of 35 hit points when you died.